 Dungeon Crawl Stone Soup version 0.22.1-2-g9c5b331 (webtiles) character file.

187 Fang the Chopper (level 5, -8/49 HPs)
             Began as a Gargoyle Berserker on Dec 13, 2018.
             Was a Believer of Trog.
             Mangled by an ogre
             ... wielding a +0 giant spiked club
              (14 damage)
             ... on level 4 of the Dungeon.
             The game lasted 00:02:25 (2397 turns).

Fang the Chopper (Gargoyle Berserker)               Turns: 2397, Time: 00:02:26

Health: -8/49      AC: 12    Str: 26    XL:     5   Next: 66%
Magic:  5/5        EV:  9    Int:  8    God:    Trog [**....]
Gold:   139        SH:  0    Dex:  9    Spells: 4/4 levels left

rFire    . . .     SeeInvis .   a - +0 hand axe
rCold    . . .     Gourm    +   (no shield)
rNeg     + . .     Faith    .   r - +0 chain mail
rPois    ∞         Spirit   .   (no helmet)
rElec    +         Reflect  .   b - scarf {cloud immunity}
rCorr    .         Harm     .   (no gloves)
MR       +....                  (no boots)
Stlth    ..........             w - amulet of the gourmand
HPRegen  0.16/turn              n - ring of protection from magic
MPRegen  0.09/turn              (no ring)

@: berserking, very quick
A: negative energy resistance 1, electricity resistance, unbreathing,
petrification resistance, rot immunity, AC +4
a: Berserk, Trog's Hand, Renounce Religion


You were on level 4 of the Dungeon.
You worshipped Trog.
Trog was pleased with you.
You were near starving.

You visited 1 branch of the dungeon, and saw 4 of its levels.

You collected 139 gold pieces.

Inventory:

Hand Weapons
 a - a +0 hand axe (weapon)
Armour
 b - a scarf of cloud immunity (worn)
 r - a +0 chain mail (worn)
Jewellery
 n - a ring of protection from magic (left hand)
 w - an amulet of the gourmand (around neck)
Scrolls
 e - 2 scrolls of amnesia {unknown}
 g - a scroll of magic mapping {unknown}
 h - 4 scrolls of identify {unknown}
 m - a scroll of teleportation {unknown}
 o - a scroll of fear {unknown}
 s - 2 scrolls of remove curse {unknown}
 u - a scroll of noise {unknown}
Potions
 d - 6 potions of curing {unknown}
 f - a potion of ambrosia {unknown}
 i - a potion of mutation {unknown}
 j - 4 potions of brilliance {unknown}
 k - a potion of cancellation {unknown}
 l - a potion of heal wounds {unknown}
 p - a potion of berserk rage {unknown}
 q - a potion of agility
 t - a potion of lignification {unknown}
 v - a potion of haste {unknown}
Comestibles
 c - 9 rations


   Skills:
 + Level 4.2 Fighting
 + Level 4.4 Axes
 + Level 2.6 Armour
 + Level 2.2 Dodging
 + Level 1.1 Stealth


You had 4 spell levels left.
You didn't know any spells.
Your spell library was empty.

Dungeon Overview and Level Annotations

Branches:
Dungeon (4/15)
 Temple: D:4-7

Altars:
The Shining One


Innate Abilities, Weirdness & Mutations

You are resistant to torment.
Your stone body is resilient. (AC +4)
You are immune to poison.
You resist negative energy. (rN+)
You are resistant to electric shocks. (rElec)
You can survive without breathing.
You are immune to petrification.
You are immune to rotting.


Message History

The ogre hits you with a giant spiked club!
The orc priest calls down the wrath of Beogh upon you.
Beogh smites you!
* * * LOW HITPOINT WARNING * * *
A red film seems to cover your vision as you go berserk!
You feel yourself moving faster!
You feel mighty!
You are near starving!
The orc hits you from afar with a trident of flaming.
* * * LOW HITPOINT WARNING * * *
The orc burns you.
* * * LOW HITPOINT WARNING * * *
The orc barely misses you. The orc hits you but does no damage.
You are too injured to fight recklessly!
Unknown command.
You slash the orc priest!
The orc priest is almost dead.
Your chain mail prevents you from hitting the orc.
You closely miss the orc. You slash the ogre!
The ogre hits you with a giant spiked club!
You die...

##...............#
##...............#
##......#####....## #
........#####....## ##..
..................##....
##.....................#
###...#######........#
##### ###oo....#
#@o....# ### ##Oo..(#
##.## .o..$# ....##
.....# #....## ......#
##....#### ......#
##........ ##....#
#......... ....#
#..###...#


You could see an ogre, an orc priest and 4 orcs.

Vanquished Creatures
  Jessica (D:2)
  6 adders (D:2)
  3 gnolls (D:3)
  An adder skeleton (D:4)
  2 worms
  A dart slug (D:2)
  3 leopard geckos
  An orc (D:3)
  8 bats
  5 giant cockroaches
  A goblin (D:3)
  8 hobgoblins
  7 jackals
  A ball python (D:3)
  2 frilled lizards
  7 kobolds
  9 rats
66 creatures vanquished.

Notes
Turn   | Place    | Note
-------+----------+-------------------------------------------
     0 | D:1      | Fang the Gargoyle Berserker began the quest for the Orb.
     0 | D:1      | Reached XP level 1. HP: 14/14 MP: 1/1
   133 | D:1      | Reached XP level 2. HP: 19/19 MP: 2/2
   852 | D:2      | Reached XP level 3. HP: 23/23 MP: 3/3
   889 | D:2      | Reached ** piety under Trog
  1026 | D:2      | You fall through a shaft!
  1057 | D:3      | Reached XP level 4. HP: 29/29 MP: 4/4
  1212 | D:3      | Found a glowing golden altar of the Shining One.
  1904 | D:2      | Reached skill level 1 in Stealth
  1939 | D:2      | Reached XP level 5. HP: 28/33 MP: 5/5
  2073 | D:2      | Noticed Jessica
  2100 | D:2      | Killed Jessica
  2387 | D:4      | Noticed an ogre
  2397 | D:4      | Mangled by an ogre

Skill      XL: |  1  2  3  4 |
---------------+-------------+-----
Axes           | 3 4 |  4.4
Fighting       | 4 |  4.2
Dodging        | 2 |  2.2
Stealth        | 1 |  1.1
Armour         | |  2.6

Action                   |  1- 3 |  4- 6 || total
-------------------------+-------+-------++-------
Melee: Hand axe          |    98 |   144 ||   242
Invok: Berserk           |     1 |     1 ||     2
 Stab: Sleeping          |     1 |     1 ||     2
  Eat: Chunk             |       |     5 ||     5
Armor: Animal skin       |    45 |    29 ||    74
       Chain mail        |       |    30 ||    30
Dodge: Dodged            |    66 |    89 ||   155
